 Dungeon Crawl Stone Soup version 0.26-a0-771-g060e6a62af (webtiles) character file.

Game seed: 2412200928173001699

312 marklar909 the Ruffian (level 6, -1/47 HPs)
             Began as a Draconian Transmuter on Nov 9, 2020.
             Slain by an ogre
             ... wielding a +0 giant club
              (16 damage)
             ... on level 4 of the Dungeon.
             The game lasted 00:06:26 (4420 turns).

marklar909 the Ruffian (Draconian Transmuter)       Turns: 4420, Time: 00:06:26

Health: -1/47      AC:  7    Str: 14    XL:     6   Next: 18%
Magic:  11/11      EV: 13    Int: 13    God:
Gold:   125        SH:  0    Dex: 12    Spells: 6/12 levels left

rFire    . . .     SeeInvis .     - Unarmed
rCold    . . .     Faith    .   (no shield)
rNeg     . . .     Spirit   .   (armour unavailable)
rPois    .         Reflect  .   (helmet restricted)
rElec    .         Harm     .   l - +0 cloak
rCorr    .         Rampage  .   (no gloves)
MR       .....                  (no boots)
Stlth    +.........             (no amulet)
HPRegen  0.15/turn              (no ring)
MPRegen  0.12/turn              (no ring)

@: no status effects
A: unfitting armour, cold-blooded, AC +6
a: no special abilities


You were on level 4 of the Dungeon.
You visited 1 branch of the dungeon, and saw 4 of its levels.

You collected 125 gold pieces.

Inventory:

Armour
 h - a +0 buckler
 l - a +0 cloak (worn)
Scrolls
 e - a scroll of remove curse
 f - 4 scrolls of identify
 g - 3 scrolls of teleportation
Potions
 b - 3 potions of curing
 c - a potion of flight
 i - a potion of haste
 m - 2 potions of attraction


   Skills:
 + Level 1.4 Fighting
 + Level 3.0 Dodging
 + Level 0.3 Stealth
 * Level 0.7 Shields
 + Level 4.5 Unarmed Combat
 + Level 3.5 Spellcasting
 + Level 3.2 Transmutations


You had 6 spell levels left.
You knew the following spells:

 Your Spells              Type           Power        Failure   Level
a - Beastly Appendage     Tmut           ##....       6%          1
b - Wereblood             Tmut           ##......     9%          2
c - Spider Form           Tmut/Pois      #.........   34%         3

Your spell library contained the following spells:

 Spells                   Type           Power        Failure   Level
 Ice Form                 Ice/Tmut       #.......     75%         4
 Blade Hands              Tmut           ##........   86%         5


Dungeon Overview and Level Annotations

Branches:
Dungeon (4/15)
 Temple: D:4-7

Altars:


Innate Abilities, Weirdness & Mutations

Your plain brown scales are hard. (AC +6)
You cannot fit into any form of body armour.
You are cold-blooded and may be slowed by cold attacks.


Message History

An ogre is nearby!
An ogre is nearby!
An ogre is nearby!
Casting: Beastly Appendage (safe; 6% risk of failure)
Confirm with . or Enter, or press ? or * to list all spells.
Okay, then.
Casting: Beastly Appendage (safe; 6% risk of failure)
Confirm with . or Enter, or press ? or * to list all spells.
You grow a pair of large bovine horns.
Your feet morph into talons.
The ogre hits you with a +0 giant club!
You hit the ogre. You headbutt the ogre.
The ogre is moderately wounded.
The ogre hits you with a +0 giant club!!
Ouch! That really hurt!
* * * LOW HITPOINT WARNING * * *
Unknown command.
Your transformation is almost over.
Your horns disappear.
Your talons disappear.
The ogre hits you with a +0 giant club!
You die...

#........
#........
#........
#.......
##########.......
#...##......#
#(..........#
+...#.#####.#
#......O@...#
#..<#.....#.#
#..##.....#.# ###
#.....### #.....#
#.....# #.....#
###.### ..


You could see an ogre.

Vanquished Creatures
  Natasha (thrice) (D:2)
  2 worker ants
  8 adders
  3 oozes
  3 worms
  A dart slug (D:1)
  3 leopard geckos
  7 orcs (D:3)
  4 giant cockroaches
  7 goblins
  5 hobgoblins
  6 jackals
  A quokka (D:2)
  A ball python (D:3)
  14 bats
  11 frilled lizards
  7 kobolds
  A quokka skeleton (D:2)
  4 rats
91 creatures vanquished.

Notes
Turn   | Place    | Note
-------+----------+-------------------------------------------
     0 | D:1      | marklar909 the Draconian Transmuter began the quest for the
                  | Orb.
     0 | D:1      | Reached XP level 1. HP: 16/16 MP: 3/3
   250 | D:1      | Reached XP level 2. HP: 23/23 MP: 3/5
   291 | D:1      | Learned a level 2 spell: Wereblood
   677 | D:1      | Reached XP level 3. HP: 22/28 MP: 4/6
  1675 | D:2      | Reached XP level 4. HP: 35/35 MP: 6/8
  1712 | D:2      | Noticed Natasha
  1716 | D:2      | Killed Natasha
  1926 | D:2      | Reached skill level 4 in Unarmed Combat
  2086 | D:2      | Noticed Natasha
  2101 | D:2      | Killed Natasha
  2101 | D:2      | Reached XP level 5. HP: 15/40 MP: 9/9
  2993 | D:2      | Noticed Natasha
  3000 | D:2      | Killed Natasha
  4020 | D:3      | Reached XP level 6. HP: 47/47 MP: 9/11
  4381 | D:3      | Learned a level 3 spell: Spider Form
  4420 | D:4      | Slain by an ogre

Illustrated notes

Levels and vault maps discovered:
D:1:      roderic_crop_circles_arrival_small, layout_basic, serial_rivers,
          chequers_serial_rivers_small_b, chequers_serial_rivers_small_b,
          chequers_serial_rivers_large_b, chequers_serial_rivers_micro_b,
          hangedman_decor_lopped, minmay_pentomino_p2
D:2:      minmay_door_path, layout_basic, nicolae_overflow_hidden_temple,
          chequers_serial_rivers_small_3, uniq_natasha
D:3:      layout_rooms, serial_rivers, chequers_serial_rivers_micro_d,
          chequers_serial_rivers_small_b, chequers_serial_rivers_small_3,
          chequers_serial_rivers_micro_b, chequers_serial_rivers_micro_d
D:4:      layout_gridville, lemuel_doored_altar, kennysheep_slug_shrine,
          minmay_temple_entry_butterflies, minmay_crystal_room

Skill      XL: |  1  2  3  4  5  6 |
---------------+-------------------+-----
Dodging        | 2 3 |  3.0
Unarmed Combat | 4 |  4.5
Spellcasting   | 3 |  3.5
Transmutations | 3 |  3.2
Fighting       | |  1.4
Stealth        | |  0.3
Shields        | |  0.7

Action                   |  1- 3 |  4- 6 || total
-------------------------+-------+-------++-------
Melee: Unarmed           |   106 |   186 ||   292
       Kick              |    16 |    31 ||    47
       Tailslap          |     5 |    17 ||    22
       Headbutt          |     5 |    27 ||    32
       Punch             |     1 |     1 ||     2
 Cast: Beastly Appendage |    27 |    34 ||    61
       Wereblood         |     1 |       ||     1
  Use: Potion            |       |     2 ||     2
       Scroll            |       |     7 ||     7
Armor: Skin              |    57 |    56 ||   113
Dodge: Dodged            |    71 |   131 ||   202

Table legend: (Time is in decaauts)
 A = Elapsed time spent in this place.
 B = Non-inter-level travel time spent in this place.
 C = Inter-level travel time spent in this place.
 D = Time resting spent in this place.
 E = Time spent auto-exploring this place.
 F = Levels seen in this place.
 G = Mean time per level.
                   A        B        C        D        E       F      G
               +--------+--------+--------+--------+--------+-----+--------+
         Total |   4437 |   4346 |     91 |    969 |   2590 |   4 | 1109.2 |
       Dungeon |   4437 |   4346 |     91 |    969 |   2590 |   4 | 1109.2 |
               +--------+--------+--------+--------+--------+-----+--------+

Top non-repeatable levels by time:
     D:2: 2378 daAuts
     D:1: 1337 daAuts
     D:3: 684 daAuts
     D:4: 36 daAuts
